 Dungeon Crawl Stone Soup version 0.32-a0-666-ge8a88695a4 (webtiles) character file.

Game seed: 12186637680497634809

15125 juan097 the Basher (level 12, -5/94 HPs)
             Began as a Coglin Artificer on Mar 9, 2024.
             Was a High Priest of Okawaru.
             Slain by Sonja
             ... wielding a +1 short sword of distortion
              (21 damage)
             ... on level 1 of the Lair of Beasts.
             The game lasted 00:39:05 (13128 turns).

juan097 the Basher (Coglin Artificer)              Turns: 13128, Time: 00:39:05

Health: -5/94      AC: 33    Str: 18    XL:     12   Next: 23%
Magic:  16/16      EV:  7    Int: 16    God:    Okawaru [*****.]
Gold:   1049       SH:  0    Dex: 14    Spells: 10/11 levels left

rFire   . . .        M - +2 morningstar {Xochitl}
rCold   . . .        a - +0 whip (venom) {Renate}
rNeg    + . .        J - +10 plate armour of Mutualism {rN+ Int+5}
rPois   .            q - +2 helmet
rElec   .            (no cloak)
rCorr   .            N - +2 pair of gloves
SInv    .            w - +2 pair of boots {rampage}
Will    .....        (amulet unavailable) Stlth
                     (ring unavailable)
HPRegen 0.35/turn    (ring unavailable)
MPRegen 0.15/turn    (no gizmo)

%: rampage
@: lethally poisoned (-5 -> -7), slowed, revving, very slow
A: off-hand wielding, slow wielding, warmup strikes, no jewellery
a: Invent Gizmo, Renounce Religion, Heroism, Finesse, Duel


You were on level 1 of the Lair of Beasts.
You worshipped Okawaru.
Okawaru was extremely pleased with you.
You visited 3 branches of the dungeon, and saw 12 of its levels.
You also visited: Ossuary and Bailey.

You collected 1049 gold pieces.

Inventory:

Hand Weapons
 a - a +0 whip of venom (offhand) {Renate}
 t - a +2 whip of freezing {Tomás}
 M - a +2 morningstar (weapon) {Xochitl}
Missiles
 f - 3 throwing nets
 r - 2 darts of dispersal
 I - 19 poisoned darts (quivered)
 K - 10 boomerangs
 L - 2 javelins
 P - a datura-tipped dart
Armour
 q - a +2 helmet (worn)
 w - a +2 pair of boots of rampaging (worn)
 J - the +10 plate armour of Mutualism (worn) {rN+ Int+5}
   (You found it on level 6 of the Dungeon)

   Int+5:     It affects your intelligence (+5).
   rN+:       It protects you from negative energy.
 N - a +2 pair of gloves (worn)
 R - +0 gold dragon scales
Wands
 c - a wand of flame (10)
 d - a wand of polymorph (12)
 e - a wand of iceblast (1)
 O - a wand of digging (4)
 Q - a wand of roots (2)
Scrolls
 b - 3 scrolls of amnesia
 g - 4 scrolls of teleportation
 i - 4 scrolls of fog
 l - 2 scrolls of fear
 m - 2 scrolls of noise
 o - a scroll of silence
 v - a scroll of vulnerability
 y - a scroll of acquirement
 z - 3 scrolls of revelation
 B - 6 scrolls of enchant weapon
 D - 2 scrolls of immolation
 F - 8 scrolls of enchant armour
Potions
 h - a potion of enlightenment {unknown}
 j - 2 potions of attraction {unknown}
 k - a potion of resistance {unknown}
 n - 2 potions of lignification {unknown}
 p - 4 potions of might {unknown}
 s - a potion of berserk rage {unknown}
 u - 3 potions of heal wounds {unknown}
 x - 12 potions of curing {unknown}
 A - 2 potions of brilliance {unknown}
 C - a potion of invisibility {unknown}
 E - 2 potions of mutation {unknown}
 G - a potion of degeneration {unknown}
 H - 4 potions of cancellation {unknown}


   Skills:
 + Level 8.9 Fighting
 - Level 10.0 Maces & Flails
 - Level 2.0 Throwing
 + Level 7.1 Armour
 - Level 5.0 Dodging
 - Level 4.0 Stealth
 - Level 6.0 Invocations
 - Level 8.0 Evocations


You had 10 spell levels left.
You knew the following spells:

 Your Spells              Type           Power      Damage    Failure   Level
a - Apportation           Tloc           0%         N/A       100%        1

Your spell library contained the following spells:

 Spells                   Type           Power      Damage    Failure   Level
 Freeze                   Ice            0%         1d3       100%        1
 Necrotise                Necr           0%         1d4       100%        1
 Slow                     Hex            0%         N/A       100%        1
 Sting                    Conj/Alch      0%         1d3       100%        1
 Confusing Touch          Hex            0%         N/A       100%        3
 Frozen Ramparts          Ice            0%         1d1       100%        3
 Hailstorm                Conj/Ice       0%         3d5       100%        3
 Sigil of Binding         Hex            0%         N/A       100%        3
 Vampiric Draining        Necr           0%         2d6       100%        3
 Summon Small Mammal      Summ           Unusable   N/A       N/A         1

Dungeon Overview and Level Annotations

Branches:
Dungeon (10/15)            Temple (1/1) D:7            Lair (1/5) D:10
Ossuary (visited)          Bailey (visited)
    Orc: D:9-12

Altars:
Ashenzari
Cheibriados
Dithmenos
Elyvilon
Fedhas
Gozag
Hepliaklqana
Kikubaaqudgha
Makhleb
Nemelex Xobeh
Okawaru
Qazlal
Ru
Sif Muna
Trog
Uskayaw
Vehumet
Wu Jian
Xom
Yredelemnul
Zin
The Shining One

Portals:
Trove: D:10 (give horn of Geryon)

Annotations:
D:7 3 runed translucent doors, avangion's ghost, novice MiBe
D:8 2 transporters, DeathSocks's ghost, novice DsAr
Lair:1 1 transporter, Sonja; cjoo's ghost, journeyman MDFE


Innate Abilities, Weirdness & Mutations

You can wield a second weapon in your off-hand.
It takes a long time for you to wield or remove held weapons.
Your first few attacks do less damage.
You cannot equip rings or amulets.


Message History

Found a quarterstaff.
You see here a +0 quarterstaff.
You see here the +0 helmet "Siargh" {Str+3 SInv}.
Sonja, the Graceful Assassin comes into view.
She is wielding a +1 short sword of distortion and quivering curare-tipped darts.
Sonja shouts!
Sonja throws a curare-tipped dart.
The curare-tipped dart closely misses you.
Okay, then.
Sonja throws a curare-tipped dart.
The curare-tipped dart barely misses you.
Sonja throws a curare-tipped dart.
The curare-tipped dart misses you.
Sonja throws a curare-tipped dart.
The curare-tipped dart hits you.
You are poisoned.
You have difficulty breathing.
You feel yourself slow down.
You rampage towards Sonja!
You feel sick. Sonja hits you but does no damage.
You blink.
Found a falchion.
Sonja gestures wildly while chanting.
Sonja blinks!
You barely miss Sonja with your +2 morningstar.
You hit Sonja with your +0 whip of venom.
Sonja is poisoned.
You feel sick. Sonja hits you but does no damage.
Space warps horribly around you! Sonja hits you but does no damage.
Space warps around you. Sonja hits you but does no damage.
Space warps around you. Sonja hits you but does no damage.
Space warps around you! Sonja closely misses you.
Sonja hits you with a +1 short sword of distortion.
You blink.
Aiming: Fastroot
Press: ? - help, Shift-Dir - straight line The roots erupt in riotous growth!
Roots grab Sonja.
The grasping roots constrict Sonja!!
You feel sick. Sonja hits you but does no damage.
Space warps horribly around you! Sonja hits you but does no damage.
Space warps horribly around you!
* * * LOW HITPOINT WARNING * * *
Sonja hits you with a +1 short sword of distortion.
* * * LOW HITPOINT WARNING * * *
Space warps horribly around you!!
You die...
Sonja applauds herself.

#....####.....#
#P.............#
###...###........
#...# #........
#§..# #....#..#
##...###......
#.............
##..K......)..
##.#@#.....
..#.#..... ##....
.... #..... ..
#...... .
###.#... #####P#
##


You could see Sonja (poisoned, rooted).

Vanquished Creatures
  A hydra (D:10)
  3 two-headed ogres
  3 orc knights (Bailey)
  Pikel (D:4)
  Joseph (D:7)
  2 black mambas (Lair:1)
  Jeremiah (D:7)
  2 cane toads (Lair:1)
  2 komodo dragons
  A troll (D:10)
  A hornet (D:9)
  Grinder (D:4)
  Prince Ribbit (D:10)
  3 blink frogs (Lair:1)
  The ghost of greatermn the Conjurer, an amateur DECj (D:5)
  A wraith (D:10)
  4 yaks (D:10)
  2 wyverns
  Menkaure (Ossuary)
  A steam dragon (Lair:1)
  An acid dragon (D:8)
  2 water moccasins
  7 black bears
  2 ice beasts
  6 orc warriors (Bailey)
  4 wolves (D:10)
  A centaur (D:10)
  5 ogres
  2 lemures
  3 kobold brigands
  A phantom (D:4)
  4 bullfrogs
  A scorpion (D:5)
  17 wights
  8 killer bees
  2 howler monkeys
  7 electric eels (D:7)
  2 bombardier beetles
  2 centaur zombies (Ossuary)
  A jelly (D:7)
  3 hounds
  5 orc priests
  2 gnoll boudas (D:8)
  6 orc wizards
  3 iguanas
  3 ogre zombies (Ossuary)
  6 mummies (Ossuary)
  7 gnolls
  A river rat (D:5)
  10 adders
  2 shadow imps
  2 white imps
  2 ufetubi (D:6)
  5 adder zombies (Ossuary)
  3 ribbon worms
  39 orcs
  4 endoplasms
  3 giant cockroaches
  2 hobgoblins
  3 jackals (D:5)
  3 quokkas
  7 ball pythons
  7 bats
  2 frilled lizards
  9 goblins
  6 goblin zombies
  3 hobgoblin zombies (Ossuary)
  13 kobolds
  5 kobold zombies (Ossuary)
  4 quokka zombies
  4 rats
  4 rat zombies (Ossuary)
289 creatures vanquished.

Vanquished Creatures (collateral kills)
  3 orc priests (D:3)
  An orc (D:3)
4 creatures vanquished.

Grand Total: 293 creatures vanquished

Notes
Turn   | Place    | Note
-------+----------+-------------------------------------------
     0 | D:1      | juan097 the Coglin Artificer began the quest for the Orb.
     0 | D:1      | Reached XP level 1. HP: 15/15 MP: 1/1
   190 | D:1      | Reached skill level 1 in Stealth
   227 | D:1      | Reached XP level 2. HP: 21/21 MP: 2/2
   713 | D:1      | Found a faded altar of an unknown god.
  1241 | D:2      | Reached XP level 3. HP: 13/27 MP: 3/3
  1817 | D:3      | Identified the +0 robe "Hiur" {Regen+ Dex+3}
  1950 | D:3      | Reached XP level 4. HP: 28/33 MP: 4/4
  1996 | D:3      | Noticed an ogre
  2125 | D:3      | Reached skill level 5 in Evocations
  2129 | D:3      | Reached skill level 1 in Maces & Flails
  2129 | D:3      | Reached XP level 5. HP: 20/39 MP: 5/5
  2523 | D:4      | Noticed Grinder
  2543 | D:4      | Killed Grinder
  2544 | D:4      | Reached skill level 2 in Maces & Flails
  2544 | D:4      | Reached XP level 6. HP: 29/47 MP: 6/6
  2950 | D:4      | Reached XP level 7. HP: 46/53 MP: 7/7
  2990 | D:4      | Noticed Pikel
  3077 | D:3      | Reached skill level 3 in Maces & Flails
  3355 | D:3      | Found a shimmering blue altar of Sif Muna.
  3532 | D:3      | Found an iron altar of Okawaru.
  3540 | D:3      | Became a worshipper of Warmaster Okawaru
  3599 | D:5      | Entered Level 5 of the Dungeon
  3626 | D:5      | Found a sand-covered staircase.
  3645 | Ossuary  | Entered an ossuary
  3763 | Ossuary  | Reached skill level 4 in Maces & Flails
  3852 | Ossuary  | Reached skill level 1 in Dodging
  3924 | Ossuary  | Noticed Menkaure
  4002 | Ossuary  | Killed Menkaure
  4003 | Ossuary  | Reached XP level 8. HP: 50/60 MP: 8/8
  4144 | Ossuary  | Reached * piety under Okawaru
  4747 | D:5      | Reached skill level 1 in Throwing
  5103 | D:4      | Killed Pikel
  5103 | D:4      | Reached ** piety under Okawaru
  5104 | D:4      | Reached skill level 5 in Fighting
  5104 | D:4      | Reached skill level 5 in Maces & Flails
  5104 | D:4      | Reached XP level 9. HP: 62/68 MP: 9/9
  5368 | D:5      | Found a runed translucent gate.
  5370 | D:5      | Found a runed translucent gate.
  5370 | D:5      | Found a runed translucent gate.
  5371 | D:5      | Noticed greatermn's ghost (amateur DECj)
  5567 | D:5      | Learned a level 1 spell: Apportation
  5804 | D:6      | Identified the +3 leather armour of Lugonu, Usurping {-Cast
                  | Str+6 Stlth+}
  5900 | D:6      | Found a snail-covered altar of Cheibriados.
  5920 | D:6      | Identified the +10 plate armour of Mutualism {rN+ Int+5}
  6170 | D:6      | Found a shadowy altar of Dithmenos.
  6413 | D:6      | Found a sacrificial altar of Ru.
  6419 | D:6      | Found an ornate altar of the Wu Jian Council.
  6419 | D:6      | Found a shimmering altar of Xom.
  6427 | D:6      | Found a broken altar of Ashenzari.
  6437 | D:6      | Found a blossoming altar of Fedhas.
  6671 | D:5      | Killed greatermn's ghost
  6671 | D:5      | Reached *** piety under Okawaru
  6672 | D:5      | Reached skill level 1 in Invocations
  7000 | D:7      | Reached skill level 6 in Maces & Flails
  7101 | D:7      | Found a runed translucent gate.
  7101 | D:7      | Found a runed translucent gate.
  7101 | D:7      | Found a runed translucent gate.
  7101 | D:7      | Noticed Joseph
  7150 | D:7      | Found a flagged portal.
  7184 | D:7      | Killed Joseph
  7185 | D:7      | Reached XP level 10. HP: 64/76 MP: 10/12
  7207 | Bailey   | Entered a bailey
  7354 | Bailey   | Noticed an orc knight
  7504 | Bailey   | Killed an orc knight
  7504 | Bailey   | Reached **** piety under Okawaru
  7505 | Bailey   | Reached skill level 7 in Maces & Flails
  7584 | Bailey   | Noticed an orc knight
  7615 | Bailey   | Killed an orc knight
  7616 | Bailey   | Reached skill level 8 in Maces & Flails
  7736 | Bailey   | Noticed an orc knight
  7796 | Bailey   | Killed an orc knight
  8017 | D:7      | Found a staircase to the Ecumenical Temple.
  8039 | Temple   | Entered the Ecumenical Temple
  8080 | D:7      | Reached ***** piety under Okawaru
  8081 | D:7      | Reached skill level 9 in Maces & Flails
  8248 | D:7      | Noticed avangion's ghost (novice MiBe)
  8338 | D:7      | Noticed Jeremiah
  8712 | D:7      | Killed Jeremiah
  8713 | D:7      | Reached XP level 11. HP: 74/81 MP: 14/14
  9089 | D:8      | Noticed a two-headed ogre
  9107 | D:8      | Reached skill level 10 in Maces & Flails
  9141 | D:8      | Killed a two-headed ogre
  9141 | D:8      | Received a gift from Okawaru
  9731 | D:8      | Found a transporter.
  9736 | D:8      | Noticed DeathSocks's ghost (novice DsAr)
  9825 | D:8      | Noticed a two-headed ogre
  9978 | D:8      | Killed a two-headed ogre
 10023 | D:8      | Found a transporter.
 10040 | D:8      | Noticed a moth of wrath
 10588 | D:9      | Found an opulent altar of Gozag.
 10596 | D:9      | Found a glowing golden altar of the Shining One.
 10697 | D:9      | Reached skill level 5 in Dodging
 10704 | D:9      | Reached skill level 5 in Armour
 10732 | D:9      | Found a sparkling altar of Nemelex Xobeh.
 10733 | D:9      | Noticed a two-headed ogre
 10745 | D:9      | Killed a two-headed ogre
 10746 | D:9      | Reached skill level 5 in Invocations
 11094 | D:10     | Entered Level 10 of the Dungeon
 11094 | D:10     | Found a staircase to the Lair.
 11226 | D:10     | Received a gift from Okawaru
 11811 | D:10     | Found a portal to a secret trove of treasure.
 12155 | Lair:1   | Entered Level 1 of the Lair of Beasts
 12233 | Lair:1   | Noticed Prince Ribbit
 12233 | Lair:1   | Noticed a four-headed hydra
 12266 | D:10     | Killed a four-headed hydra
 12268 | D:10     | Killed Prince Ribbit
 12269 | D:10     | Reached XP level 12. HP: 65/92 MP: 13/16
 12458 | Lair:1   | Noticed a boulder beetle
 12459 | Lair:1   | Noticed cjoo's ghost (journeyman MDFE)
 12459 | Lair:1   | Noticed a skyshark
 12474 | Lair:1   | Noticed a death yak
 12477 | Lair:1   | Received a gift from Okawaru
 12702 | Lair:1   | Found a transporter.
 12849 | Lair:1   | Identified a scroll of acquirement
 13108 | Lair:1   | Identified the +0 helmet "Siargh" {Str+3 SInv}
 13119 | Lair:1   | Noticed Sonja
 13128 | Lair:1   | Slain by Sonja

Illustrated notes

Levels and vault maps discovered:
D:1:      evilmike_arrival_hilbert_curve, layout_basic,
          dreamdust_ecumenical_altar_sealed_demon, dreamdust_princess_corridor
D:2:      layout_basic
D:3:      layout_loops_ring, overflow_temple_1_default, led_sif_book,
          reono_crystal_passage
D:4:      layout_basic, uniq_grinder, uniq_pikel
D:5:      layout_gridville, mainiacjoe_sewer_entry_somewhere_in_here_2,
          enter_ossuary_4, gammafunk_ghost_nasty_kobolds, grunt_decor_resistance
D:6:      layout_basic, mainiacjoe_overflow_alcove_1,
          mainiacjoe_overflow_alcove_2, minmay_overflow_temple_star_hex,
          lemuel_flamethrower_1
D:7:      layout_loops_cross, minmay_temple_entry_junction_2,
          gammafunk_ghost_icy, enter_bailey_4, kennysheep_boxes, uniq_jeremiah,
          uniq_joseph, uniq_crazy_yiuf_cottage
D:8:      layout_loops_corners, gammafunk_ghost_berserking_beasts, minmay_bent
D:9:      layout_rooms, nemelex_xobeh_ov_fountains_minmay, jmf_multi_god_temple2
D:10:     layout_grid_maze, lair_entry_dummy, nicolae_trove_entry_columns
Temple:   eino_wide_crystal_templ
Lair:1:   layout_gridlike, nzn_ghost_randoct, uniq_sonja, uniq_prince_ribbit2

Skill      XL: |  1  2  3  4  5  6  7  8  9 10 11 12 |
---------------+-------------------------------------+-----
Stealth        | 1 2 3 4 |  4.0
Fighting       | 2 3 4 5 6 8 |  8.9
Evocations     | 5 6 7 8 |  8.0
Maces & Flails | 1 2 4 5 6 9 10 | 10.0
Dodging        | 1 2 4 5 |  5.0
Armour         | 2 3 4 6 7 |  7.1
Throwing       | 2 |  2.0
Invocations    | 3 4 5 6 |  6.0

Action                     |  1- 3 |  4- 6 |  7- 9 | 10-12 || total
---------------------------+-------+-------+-------+-------++-------
  Melee: Dagger            |    56 |       |       |       ||    56
         Club              |    95 |    65 |   300 |       ||   460
         Whip              |    42 |    67 |   577 |   679 ||  1365
         Morningstar       |       |       |       |   262 ||   262
  Throw: Dart              |       |       |    15 |    41 ||    56
 Invoke: Heroism           |       |       |       |     7 ||     7
  Evoke: Wand              |       |     4 |    15 |     8 ||    27
    Use: Scroll            |       |       |    11 |     3 ||    14
   Stab: Sleeping          |     4 |       |    16 |       ||    20
         Distracted        |       |       |     2 |       ||     2
 Armour: Leather armour    |    24 |       |     3 |       ||    27
         Ring mail         |    57 |    56 |   210 |       ||   323
         Plate armour      |       |       |    97 |   440 ||   537
  Dodge: Dodged            |    76 |    34 |   152 |   142 ||   404

Table legend: (Time is in decaauts)
 A = Elapsed time spent in this place.
 B = Non-inter-level travel time spent in this place.
 C = Inter-level travel time spent in this place.
 D = Time resting spent in this place.
 E = Time spent auto-exploring this place.
 F = Levels seen in this place.
 G = Mean time per level.
                   A        B        C        D        E       F      G
               +--------+--------+--------+--------+--------+-----+--------+
         Total |  13032 |  12425 |    607 |    219 |   8819 |  14 |  930.9 |
       Dungeon |  10609 |  10023 |    586 |     66 |   7458 |  10 | 1060.9 |
        Temple |      1 |      1 |      0 |      0 |      0 |   1 |    1.0 |
          Lair |    851 |    830 |     21 |     86 |    608 |   1 |  851.0 |
       Ossuary |    826 |    826 |      0 |     65 |    405 |   1 |  826.0 |
        Bailey |    744 |    744 |      0 |      2 |    348 |   1 |  744.0 |
               +--------+--------+--------+--------+--------+-----+--------+

Top non-repeatable levels by time:
     D:7: 1554 daAuts
     D:5: 1505 daAuts
    D:10: 1150 daAuts
     D:1: 1087 daAuts
     D:8: 1059 daAuts
     D:4: 1056 daAuts
     D:3: 928 daAuts
     D:6: 859 daAuts
  Lair:1: 851 daAuts
 Ossuary: 826 daAuts
     D:2: 766 daAuts
  Bailey: 744 daAuts
     D:9: 641 daAuts
  Temple: 1 daAuts
